 Dungeon Crawl Stone Soup version 0.31-a0-924-ge39a22a033 (webtiles) character file.

Game seed: 12090473737536380401

54 Roikka the Shield-Bearer (level 3, 0/11 HPs)
             Began as a Troll Fighter on Oct 18, 2023.
             Was a Follower of Vehumet.
             Slain by a hound (4 damage)
             ... on level 6 of the Dungeon.
             The game lasted 00:03:18 (475 turns).

Roikka the Shield-Bearer (Troll Fighter)             Turns: 475, Time: 00:03:18

Health: 0/11       AC:  4    Str: 26    XL:     3   Next: 66%
Magic:  2/2        EV: 10    Int:  4    God:    Vehumet [*.....]
Gold:   55         SH:  0    Dex:  9    Spells: 2/2 levels left

rFire   . .          .
                       - Unarmed
rCold   . . .        b - melded +0 kite shield
rNeg    . . .        a - +0 robe
rPois   .            (helmet restricted)
rElec   .            (no cloak)
rCorr   .            (gloves unavailable)
SInv    .            (boots unavailable)
Will    .....        (no amulet)
Stlth   +            (no ring)
HPRegen 1.01/turn    (no ring)
MPRegen 0.08/turn

%: no passive effects
@: flux-form, glowing
A: glow, contaminating, reduced hp, large, unfitting armour, claws 3,
regeneration 1, shaggy fur 1, tough skin 1
a: Begin Untransformation, Renounce Religion


You were on level 6 of the Dungeon.
You worshipped Vehumet.
Vehumet was aware of your devotion.
You were something dangerously unstable.
You visited 1 branch of the dungeon, and saw 5 of its levels.

You collected 55 gold pieces.

Inventory:

Missiles
 e - 2 boomerangs
 g - 5 curare-tipped darts
Armour
 a - a +0 robe (worn)
 b - a +0 kite shield (melded)
Talismans
 k - a flux talisman (active)
Scrolls
 h - a scroll of revelation {unknown}
 i - a scroll of identify {unknown}
 j - a scroll of fear {unknown}
Potions
 c - a potion of might
 d - a potion of attraction {unknown}
 f - 4 potions of heal wounds {unknown}
 l - 2 potions of brilliance {unknown}
 m - a potion of mutation {unknown}


   Skills:
 + Level 3.0 Fighting
 - Level 2.4 Dodging
 + Level 3.3 Shields
 + Level 2.5 Unarmed Combat


You had 2 spell levels left.
You didn't know any spells.
Your spell library was empty.

Dungeon Overview and Level Annotations

Branches:
Dungeon (4/15)
 Temple: D:4-7

Altars:
Vehumet

Shops:
D:1 [


Innate Abilities, Weirdness & Mutations

You are something dangerously unstable.
You glow with magical radiation, making you easy to see and hit.
Foes you strike become dangerously contaminated with magical radiation.
Your maximum health is decreased, since you lack skill for your form.
You are incapable of wielding weapons or throwing items.
You are too large for most types of armour.
You have claws for hands.
Your natural rate of healing is unusually fast.
You are covered in fur. (AC +1)
You have tough skin. (AC +1)


Message History

The hound is almost dead.
The hound bites you. The hound bites you but does no damage.
You claw the hound!
You kill the hound!
Vehumet accepts your kill.
Your Fighting skill increases to level 3!
You have reached level 3!
Your experience leads to an increase in your attributes!
Increase (S)trength, (I)ntelligence, or (D)exterity?
Uppercase letters only, please.
You feel stronger. x3
j - a scroll labelled OBE MU SECET You see here a hound corpse.
You see here a flux talisman.
You see here a flux talisman.
k - a flux talisman You begin transforming.
You continue transforming. x3
You turn into something dangerously unstable.
Your +0 kite shield melds into your body.
l - 2 metallic blue potions A malevolent force fills the Dungeon...
You fall into a shaft and drop 2 floors!
The shaft crumbles and collapses.
Found a fizzy emerald potion.
m - a fizzy emerald potion You open the door.
A hound comes into view.
The hound barks!
There is an open door here.
You barely miss the hound. The hound bites you.
You barely miss the hound. The hound bites you.
You closely miss the hound. The hound bites you. x2
* * * LOW HITPOINT WARNING * * *
You barely miss the hound. The hound bites you.
* * * LOW HITPOINT WARNING * * *
You miss the hound. The hound barely misses you.
You scratch the hound.
The hound begins to glow.
The hound is lightly wounded.
The hound bites you.
You die...

.... ########..####
#............#
#............#
#............#
#............# #
#............#
#...####............#
#.....hp............#
#....###............#
.#+ #............#
##############


You could see a hound (contam).

Vanquished Creatures
  A hound (D:4)
  An adder (D:4)
  2 dart slugs
  A ball python (D:1)
  2 giant cockroaches (D:1)
  A goblin (D:1)
  A hobgoblin (D:1)
  A quokka (D:2)
  A bat (D:1)
  A rat (D:1)
12 creatures vanquished.

Notes
Turn   | Place    | Note
-------+----------+-------------------------------------------
     0 | D:1      | Roikka the Troll Fighter began the quest for the Orb.
     0 | D:1      | Reached XP level 1. HP: 22/22 MP: 0/0
    28 | D:1      | Found Xylayd's Armour Emporium.
   103 | D:1      | Found a faded altar of an unknown god.
   117 | D:1      | Reached XP level 2. HP: 28/29 MP: 1/1
   179 | D:1      | Prayed at the altar of an unknown god.
   179 | D:1      | Became a worshipper of Vehumet
   179 | D:1      | Reached * piety under Vehumet
   179 | D:1      | Offered knowledge of Shock by Vehumet.
   416 | D:4      | Reached XP level 3. HP: 29/37 MP: 2/2
   459 | D:4      | You fall into a shaft and drop 2 floors!
   475 | D:6      | Slain by a hound

Illustrated notes

Levels and vault maps discovered:
D:1:      nzn_arrival_crosshair, layout_rooms, serial_shops, shop,
          hellmonk_ecumenical_altar_zigzags, corexii_leaking_fountain,
          minmay_pentomino_v2
D:2:      layout_basic, kennysheep_generic_room_15
D:3:      layout_basic, mainiacjoe_overflow_cross_hatched, serial_shops, shop,
          chequers_decorated_corner
D:4:      kennysheep_spiral_hall, layout_basic,
          mainiacjoe_overflow_concentric_impassable, hangedman_glass_teeth,
          uniq_edmund
D:6:      layout_basic, nicolae_overflow_quartered_altars,
          minmay_temple_entry_glass

Skill      XL: |  1  2 |
---------------+-------+-----
Shields        | 3 |  3.3
Fighting       | 3 |  3.0
Dodging        | |  2.4
Unarmed Combat | |  2.5

Action                     || total
---------------------------++-------
  Melee: Unarmed           ||    40
 Armour: Robe              ||    33
  Dodge: Dodged            ||    13
  Block: Kite shield       ||    13
   Form: Flux              ||     1

Table legend: (Time is in decaauts)
 A = Elapsed time spent in this place.
 B = Non-inter-level travel time spent in this place.
 C = Inter-level travel time spent in this place.
 D = Time resting spent in this place.
 E = Time spent auto-exploring this place.
 F = Levels seen in this place.
 G = Mean time per level.
                   A        B        C        D        E       F      G
               +--------+--------+--------+--------+--------+-----+--------+
         Total |    477 |    477 |      0 |      0 |    252 |   5 |   95.4 |
       Dungeon |    477 |    477 |      0 |      0 |    252 |   5 |   95.4 |
               +--------+--------+--------+--------+--------+-----+--------+

Top non-repeatable levels by time:
     D:1: 209 daAuts
     D:4: 167 daAuts
     D:3: 56 daAuts
     D:2: 28 daAuts
     D:6: 15 daAuts
